 Dungeon Crawl Stone Soup version 0.26-a0-1013-gf6ffb0d6bd (webtiles) character file.

Game seed: 8567707184681324744

17 Anlio the Skirmisher (level 2, 0/25 HPs)
             Began as a Formicid Berserker on Dec 7, 2020.
             Was a Follower of Trog.
             Slain by a bat (1 damage)
             ... on level 1 of the Dungeon.
             The game lasted 00:00:57 (835 turns).

Anlio the Skirmisher (Formicid Berserker)            Turns: 835, Time: 00:00:58

Health: 0/25       AC:  2    Str: 21    XL:     2   Next: 80%
Magic:  2/2        EV: 12    Int:  6    God:    Trog [*.....]
Gold:   0          SH:  0    Dex: 10    Spells: 1/1 levels left

rFire    . . .     SeeInvis +   a - +0 hand axe
rCold    . . .     Faith    .   (no shield)
rNeg     . . .     Spirit   .   b - +0 animal skin
rPois    .         Reflect  .   (helmet unavailable)
rElec    .         Harm     .   (no cloak)
rCorr    .         Rampage  .   (no gloves)
Will     .....                  (no boots)
Stlth    +.........             (no amulet)
HPRegen  0.08/turn              (no ring)
MPRegen  0.08/turn              (no ring)

@: no status effects
A: permanent stasis, dig shafts and tunnels, four strong arms, antennae 3
a: Dig, Shaft Self, Renounce Religion


You were on level 1 of the Dungeon.
You worshipped Trog.
Trog was aware of your devotion.
You visited 1 branch of the dungeon, and saw 1 of its levels.

Inventory:

Hand Weapons
 a - a +0 hand axe (weapon)
Armour
 b - a +0 animal skin (worn)
Scrolls
 d - 2 scrolls of identify {unknown}
 e - a scroll of teleportation {unknown}
 f - a scroll of magic mapping {unknown}
Potions
 c - a potion of attraction {unknown}


   Skills:
 + Level 3.8 Fighting
 + Level 3.4 Axes
 - Level 2.1 Armour
 - Level 1.7 Dodging


You had one spell level left.
You didn't know any spells.
Your spell library was empty.

Dungeon Overview and Level Annotations

Branches:
Dungeon (1/15)

Altars:


Innate Abilities, Weirdness & Mutations

You cannot be hasted, slowed, berserked, paralysed or teleported.
You can dig through walls and to a lower floor.
Your four strong arms can wield two-handed weapons with a shield.
You have a pair of large antennae on your head. (SInv)


Message History

The bat hits you but does no damage. The bat closely misses you.
The bat barely misses you. The bat barely misses you. The bat hits you.
* * * LOW HITPOINT WARNING * * *
The bat hits you but does no damage. The bat hits you.
* * * LOW HITPOINT WARNING * * *
The bat barely misses you. The bat closely misses you.
The bat closely misses you. x2
The bat barely misses you. The bat hits you but does no damage.
The bat misses you. The bat hits you.
* * * LOW HITPOINT WARNING * * *
The bat closely misses you. The bat hits you but does no damage.
The bat hits you but does no damage. x2
The bat closely misses you. The bat hits you.
* * * LOW HITPOINT WARNING * * *
The bat hits you.
You die...

# # # ### # #.### ######### ##
#...# #b....... .# #.#.#
#@########## .#
#.#.###.#........# .#
#.#...#.#.######.# .#######
#.###.#..........#.# .# .#.....#
#.# #.#.#.#.###..#.##.# .#.....#
#.# #.#.#.#####..#.##.# .#.....#
#.# #.........#..#.##.#
.#.....###.#####.#.###.#..#.##.##
.......'.........................


You could see a bat.

Vanquished Creatures
  A dart slug (D:1)
  2 goblins (D:1)
  6 hobgoblins (D:1)
  2 bats (D:1)
  A kobold (D:1)
  2 rats (D:1)
14 creatures vanquished.

Notes
Turn   | Place    | Note
-------+----------+-------------------------------------------
     0 | D:1      | Anlio the Formicid Berserker began the quest for the Orb.
     0 | D:1      | Reached XP level 1. HP: 18/18 MP: 1/1
    75 | D:1      | Reached XP level 2. HP: 16/24 MP: 2/2
   834 | D:1      | HP: 1/25 [bat (1)]
   835 | D:1      | Slain by a bat

Illustrated notes

Levels and vault maps discovered:
D:1:      dpeg_arrival_oval, layout_basic, grunt_decor_junction,
          serial_park_tiny_2

Action                   || total
-------------------------++-------
Melee: Hand axe          ||    32
Armor: Animal skin       ||    82
Dodge: Dodged            ||   194

Table legend: (Time is in decaauts)
 A = Elapsed time spent in this place.
 B = Non-inter-level travel time spent in this place.
 C = Inter-level travel time spent in this place.
 D = Time resting spent in this place.
 E = Time spent auto-exploring this place.
 F = Levels seen in this place.
 G = Mean time per level.
                   A        B        C        D        E       F      G
               +--------+--------+--------+--------+--------+-----+--------+
         Total |    839 |    839 |      0 |      0 |    574 |   1 |  839.0 |
       Dungeon |    839 |    839 |      0 |      0 |    574 |   1 |  839.0 |
               +--------+--------+--------+--------+--------+-----+--------+

Top non-repeatable levels by time:
     D:1: 839 daAuts
